 Dungeon Crawl Stone Soup version 0.30-a0-457-g4b7bca3bfa (webtiles) character file.

Game seed: 2745485818016355221

667 Brandom the Grasshopper (level 7, -2/62 HPs)
             Began as an Armataur Warper on Dec 13, 2022.
             Killed from afar by Dowan (12 damage)
             ... with a shard of ice
             ... on level 4 of the Dungeon.
             The game lasted 00:12:51 (3492 turns).

Brandom the Grasshopper (Armataur Warper)           Turns: 3492, Time: 00:12:52

Health: -2/62      AC:  8    Str: 11 (17) XL:     7   Next: 31%
Magic:  10/10      EV:  9    Int: 11 (15) God:
Gold:   218        SH:  0    Dex:  7 (9)  Spells: 5/10 levels left

rFire   + . .      SeeInvis .    a - +1 falchion
rCold   . . .      Faith    .    (no shield)
rNeg    . . .      Spirit   .    m - +2 robe {rF+}
rPois   .          Reflect  .    (no helmet)
rElec   .          Harm     .    u - +0 cloak
rCorr   .          Roll     +    g - +0 pair of gloves
Will    .....                    (no barding)
Stlth   +.........               (no amulet)
HPRegen 0.30/turn                (no ring)
MPRegen 0.12/turn                (no ring)

@: confused
A: large, rugged brown scales 3, deformed body, armoured tail, roll, long
tongue, awkward tongue
a: no special abilities


You were on level 4 of the Dungeon.
You visited 1 branch of the dungeon, and saw 4 of its levels.

You collected 218 gold pieces.

Inventory:

Hand Weapons
 a - a +1 falchion (weapon)
 n - a +0 hammer
   (You found it on level 2 of the Dungeon)
Missiles
 d - 6 boomerangs of dispersal (quivered) {!f}
Armour
 b - a +0 leather armour
 g - a +0 pair of gloves (worn)
   (You found it on level 1 of the Dungeon)
 m - a +2 robe of fire resistance (worn)
   (You took it off Jessica on level 3 of the Dungeon)
 s - a +0 ring mail
   (You took it off Terence on level 3 of the Dungeon)
 u - a +0 cloak (worn)
   (You found it on level 3 of the Dungeon)
 v - a +0 leather armour
   (You took it off Eustachio on level 3 of the Dungeon)
 w - a +0 leather armour
   (You found it on level 4 of the Dungeon)
 y - a +0 leather armour
   (You found it on level 4 of the Dungeon)
Scrolls
 c - a scroll of blinking
 o - a scroll of butterflies
 t - a scroll of teleportation {@r4}
 x - a scroll of fog
Potions
 e - 2 potions of brilliance
 h - a potion of resistance
 i - a potion of attraction {!q}


   Skills:
 + Level 3.9 Fighting
 + Level 3.8 Long Blades
 - Level 0.8 Throwing
 + Level 4.6 Armour
 - Level 2.0 Dodging
 - Level 2.0 Spellcasting
 + Level 4.8 Translocations


You had 5 spell levels left.
You knew the following spells:

 Your Spells              Type           Power      Damage    Failure   Level
a - Teleport Other        Tloc           11%        N/A       12%         3
b - Blink                 Tloc           22%        N/A       6%          2

Your spell library contained the following spells:

 Spells                   Type           Power      Damage    Failure   Level
 Lesser Beckoning         Tloc           22%        N/A       12%         3
 Vhi's Electric Charge    Tloc/Air       12%        N/A       32%         3
 Manifold Assault         Tloc           11%        N/A       38%         4


Dungeon Overview and Level Annotations

Branches:
Dungeon (4/15)
 Temple: D:4-7

Altars:

Annotations:
D:2 Crazy Yiuf
D:4 Dowan, Sigmund


Innate Abilities, Weirdness & Mutations

You are completely covered in rugged brown scales. (AC +3, +7% HP)
Armour fits poorly on your strangely shaped body.
You have a long armoured tail.
You roll when moving toward enemies. (Rampage)
Your long tongue fully drains potion bottles. (2x potion effects)
Your tongue gives you trouble enunciating. (1.5x scroll delay)


Message History

You are starting to lose your buoyancy.
The adder bites you but does no damage. Duvessa hits you with a +0 short sword!
Dowan barely misses you. The adder bites you.
You are poisoned.
The adder poisons you! Duvessa hits you but does no damage.
Unknown command.
You barely miss Duvessa.
You feel sick. Duvessa hits you with a +0 short sword.
* * * LOW HITPOINT WARNING * * *
The adder bites you.
* * * LOW HITPOINT WARNING * * *
Dowan hits you with a +0 dagger.
* * * LOW HITPOINT WARNING * * *
Unknown command.
You hit Duvessa.
You kill Duvessa!
Dowan's eyes darken. "You have made a black mistake."
Dowan seems to find hidden reserves of power!
You feel sick.
Dowan zaps a wand.
The bolt of light hits you.
* * * LOW HITPOINT WARNING * * *
The adder bites you but does no damage. x2; Dowan hits you with a +0 dagger.
* * * LOW HITPOINT WARNING * * *
Unknown command.
You closely miss Dowan.
You feel sick.
You are no longer poisoned.
Dowan hits you with a +0 dagger.
* * * LOW HITPOINT WARNING * * *
The adder closely misses you. Dowan hits you with a +0 dagger.
* * * LOW HITPOINT WARNING * * *
You hit Dowan.
Your tail-slap misses Dowan.
The adder bites you but does no damage. Dowan hits you but does no damage.
The adder bites you but does no damage.
Unknown command.
You miss Dowan.
You float gracefully downwards.
Dowan zaps a wand.
The bolt of light misses you. The adder barely misses you. Dowan misses you.
Okay, then.
You closely miss Dowan.
Dowan zaps a wand.
The bolt of light hits you.
You are confused.
* * * LOW HITPOINT WARNING * * *
The adder bites you but does no damage. Dowan hits you with a +0 dagger.
* * * LOW HITPOINT WARNING * * *
Unknown command.
You bump into the rock wall.
The adder bites you but does no damage.
Dowan points at you and mumbles some strange words.
The shard of ice hits you!
You die...

#....#...# ##...#..######
##...#..##...## ###
.'...#........# #.#######
.#...#.......#####.(.....#
##..>#<......##..#.......#
#######.##...##...#....e.#
'# ####...##.Se#....e.# ##
#.......@)#......# #
###########......# #
..##.## # ### +# ## .# ##
# #


You could see Dowan (fast) and an adder.

Vanquished Creatures
  Eustachio (D:3)
  Menkaure (D:4)
  Duvessa (D:4)
  A scorpion (D:4)
  Terence (D:3)
  Jessica (D:3)
  Natasha (thrice) (D:3)
  An iguana (D:4)
  An adder (D:4)
  An ufetubus (D:4)
  7 dart slugs
  4 orcs
  2 ball pythons
  8 endoplasms
  4 giant cockroaches
  8 goblins
  6 hobgoblins
  5 jackals
  A quokka (D:2)
  7 bats
  2 frilled lizards
  3 kobolds
  3 rats
72 creatures vanquished.

Notes
Turn   | Place    | Note
-------+----------+-------------------------------------------
     0 | D:1      | Brandom the Armataur Warper began the quest for the Orb.
     0 | D:1      | Reached XP level 1. HP: 18/18 MP: 3/3
   157 | D:1      | Reached XP level 2. HP: 25/25 MP: 4/4
   399 | D:1      | Found a faded altar of an unknown god.
   749 | D:2      | Reached XP level 3. HP: 29/31 MP: 6/6
  1359 | D:2      | Found a runed translucent door.
  1360 | D:2      | Noticed Crazy Yiuf
  1434 | D:3      | Noticed Jessica
  1437 | D:3      | Killed Jessica
  1438 | D:3      | Reached XP level 4. HP: 39/39 MP: 7/7
  1516 | D:3      | Noticed Natasha
  1521 | D:3      | Noticed Terence
  1522 | D:3      | Killed Natasha
  1539 | D:3      | Killed Terence
  1540 | D:3      | Reached XP level 5. HP: 18/44 MP: 8/8
  1559 | D:3      | Noticed Natasha
  1583 | D:3      | Killed Natasha
  1721 | D:3      | Noticed Natasha
  1725 | D:3      | Killed Natasha
  2124 | D:4      | Noticed Eustachio
  2126 | D:4      | Noticed Menkaure
  2186 | D:3      | Learned a level 2 spell: Blink
  2190 | D:3      | Learned a level 3 spell: Teleport Other
  2206 | D:3      | Killed Eustachio
  2207 | D:3      | Reached XP level 6. HP: 19/54 MP: 9/9
  2608 | D:4      | Noticed Duvessa
  2733 | D:4      | Killed Menkaure
  2806 | D:4      | Noticed Sigmund
  2955 | D:4      | Reached XP level 7. HP: 13/62 MP: 10/10
  3438 | D:4      | Noticed Dowan
  3487 | D:4      | Killed Duvessa
  3492 | D:4      | Killed from afar by Dowan

Illustrated notes

Levels and vault maps discovered:
D:1:      amcnicky_arrival_feature_with_door, layout_loops_cross, serial_glass,
          glass_columns_a, glass_columns_a, shapermc_ecumenical_altar_acropolis,
          corexii_item_surrounded_by_moat
D:2:      layout_basic, uniq_crazy_yiuf_cottage
D:3:      layout_rooms, uniq_jessica, uniq_natasha, uniq_terence
D:4:      minmay_polygon_palace, layout_gridville, st_stairs_10,
          kennysheep_cross_bottleneck, hangedman_feature_mirror,
          amcnicky_mini_rare_corridor_liquid, uniq_menkaure, uniq_duvessa,
          uniq_sigmund, uniq_eustachio

Skill      XL: |  1  2  3  4  5  6 |
---------------+-------------------+-----
Fighting       | 2 3 |  3.9
Long Blades    | 2 3 |  3.8
Spellcasting   | 2 |  2.0
Armour         | 2 3 4 |  4.6
Dodging        | 2 |  2.0
Translocations | 4 |  4.8
Throwing       | |  0.8

Action                   |  1- 3 |  4- 6 |  7- 9 || total
-------------------------+-------+-------+-------++-------
Melee: Falchion          |   129 |   168 |    43 ||   340
       Tailslap          |    14 |    26 |     3 ||    43
       Punch             |       |     1 |       ||     1
Throw: Boomerang         |     1 |       |       ||     1
  Use: Scroll            |     8 |     2 |     1 ||    11
       Potion            |       |     2 |     6 ||     8
Armor: Leather armour    |    77 |    38 |       ||   115
       Robe              |       |    45 |    19 ||    64
       Skin              |       |     6 |    18 ||    24
Dodge: Dodged            |    83 |   124 |    20 ||   227

Table legend: (Time is in decaauts)
 A = Elapsed time spent in this place.
 B = Non-inter-level travel time spent in this place.
 C = Inter-level travel time spent in this place.
 D = Time resting spent in this place.
 E = Time spent auto-exploring this place.
 F = Levels seen in this place.
 G = Mean time per level.
                   A        B        C        D        E       F      G
               +--------+--------+--------+--------+--------+-----+--------+
         Total |   3567 |   3414 |    153 |    273 |   2238 |   4 |  891.8 |
       Dungeon |   3567 |   3414 |    153 |    273 |   2238 |   4 |  891.8 |
               +--------+--------+--------+--------+--------+-----+--------+

Top non-repeatable levels by time:
     D:4: 1101 daAuts
     D:3: 1020 daAuts
     D:1: 752 daAuts
     D:2: 693 daAuts
